 Dungeon Crawl Stone Soup version 0.31.0-9-g3a7656b989 (webtiles) character file.

Game seed: 9244266438228476112

152 qw the Skirmisher (level 5, 0/29 HPs)
             Began as a Deep Elf Hunter on Feb 2, 2024.
             Slain by a black bear (4 damage)
             ... on level 4 of the Dungeon.
             The game lasted 00:00:08 (2173 turns).

qw the Skirmisher (Deep Elf Hunter)                 Turns: 2173, Time: 00:00:09

Health: 0/29       AC:  7    Str: 10    XL:     5   Next: 11%
Magic:  7/7        EV: 12    Int: 14    God:
Gold:   128        SH:  0    Dex: 18    Spells: 4/4 levels left

rFire   + . .        a - +0 shortbow
rCold   . . .        (shield currently unavailable)
rNeg    . . .        c - +0 leather armour
rPois   +            i - +0 helmet
rElec   .            j - +2 cloak
rCorr   .            (no gloves)
SInv    .            (no boots)
Will    .....        (no amulet)
Stlth   ++           e - ring of protection from fire
HPRegen 0.24/turn    k - ring of poison resistance
MPRegen 0.10/turn

%: no passive effects
@: about to teleport
A: no striking features
a: no special abilities


You were on level 4 of the Dungeon.
You visited 1 branch of the dungeon, and saw 4 of its levels.

You collected 128 gold pieces.


   Skills:
 - Level 1.5 Fighting
 + Level 8.5 Ranged Weapons
 - Level 2.4 Dodging
 - Level 1.2 Stealth


You had 4 spell levels left.
You didn't know any spells.
Your spell library was empty.

Inventory:

Hand Weapons
 a - a +0 shortbow (weapon)
Armour
 c - a +0 leather armour (worn)
 i - a +0 helmet (worn)
 j - a +2 cloak (worn)
Jewellery
 e - a ring of protection from fire (left hand)
 k - a ring of poison resistance (right hand)
Scrolls
 h - a scroll of identify
 l - a scroll of enchant weapon {unknown}
Potions
 b - a potion of enlightenment {unknown}
 f - a potion of might
 g - a potion of curing

Dungeon Overview and Level Annotations

Branches:
Dungeon (4/15)
 Temple: D:4-7

Altars:
Qazlal


Message History

You shoot an arrow. The arrow hits the black bear.
The black bear is almost dead.
The black bear bites you but does no damage.
The black bear closely misses you. The black bear barely misses you.
You shoot an arrow.
The arrow hits the black bear but does no damage.
The black bear is almost dead.
The black bear goes berserk!
You shoot an arrow.
The arrow hits the black bear but does no damage.
The black bear is almost dead.
The black bear bites you but does no damage.
The black bear claws you but does no damage.
The black bear claws you. The black bear bites you. The black bear claws you.
The black bear closely misses you.
You shoot an arrow.
The arrow hits the black bear but does no damage.
The black bear is almost dead.
The black bear bites you. The black bear claws you.
The black bear claws you but does no damage.
You shoot an arrow. The arrow hits the black bear.
The black bear is almost dead.
The black bear bites you but does no damage.
The black bear barely misses you.
The black bear claws you but does no damage.
The black bear bites you but does no damage.
The black bear barely misses you. The black bear misses you.
You shoot an arrow. The arrow hits the black bear.
The black bear is almost dead.
The black bear bites you! The black bear closely misses you.
The black bear claws you.
2172 ||| READING scroll of teleportation.
As you read the scroll of teleportation, it crumbles to dust.
You feel strangely unstable.
The black bear bites you but does no damage.
The black bear barely misses you. x2; The black bear closely misses you.
The black bear claws you. The black bear barely misses you.
You shoot an arrow. The arrow barely misses the black bear.
The black bear completely misses you. The black bear claws you.
You die...

## .# .# ###.#####.#
......h.#.# #@#.#
#.###.#.# #.......#
##+## #####.###
##...## #<#
##.....## ###.#
#.......######.#.##
.........##.......##
.....)...+.........#


You could see a black bear (berserk).

Vanquished Creatures
  A hound (D:3)
  A sleepcap (D:3)
  3 adders
  2 ribbon worms
  An orc (D:3)
  5 endoplasms
  2 giant cockroaches
  4 goblins
  7 hobgoblins
  2 jackals (D:3)
  6 quokkas
  3 ball pythons (D:1)
  2 bats (D:2)
  4 frilled lizards
  10 kobolds
  8 rats
61 creatures vanquished.

Notes
Turn   | Place    | Note
-------+----------+-------------------------------------------
     0 | D:1      | qw the Deep Elf Hunter began the quest for the Orb.
     0 | D:1      | Reached XP level 1. HP: 12/12 MP: 3/3
     0 | D:1      | 0 ||| qw: Version: 0.3-a-155-g5e7d8dd
     0 | D:1      | 0 ||| qw: Game counter: 2049
     0 | D:1      | 0 ||| qw: Melee chars always use a shield: true
     0 | D:1      | 0 ||| qw: God list: Okawaru
     0 | D:1      | 0 ||| qw: Allow faded altars: false
     0 | D:1      | 0 ||| qw: Do Orc after clearing Dungeon:15 true
     0 | D:1      | 0 ||| qw: Do second Lair branch before Depths: true
     0 | D:1      | 0 ||| qw: Lair rune preference: random
     0 | D:1      | 0 ||| qw: Goals: Normal
     0 | D:1      | 0 ||| PLANNING D:1-11
   126 | D:1      | Reached XP level 2. HP: 11/16 MP: 4/4
   133 | D:1      | Reached skill level 6 in Ranged Weapons
   698 | D:1      | 698 ||| UPGRADING to +0 cloak.
   703 | D:1      | 703 ||| READING scroll labelled CIAMPYFEPS.
   707 | D:1      | 707 ||| READING 2 scrolls labelled WORCHU QEMYNEWN.
   707 | D:1      | 707 ||| IDENTIFYING lumpy brown potion
   708 | D:1      | 708 ||| READING scroll of identify.
   708 | D:1      | 708 ||| IDENTIFYING smoky inky potion
   709 | D:1      | 709 ||| READING scroll labelled EKHLU ZOSOUPS.
   710 | D:1      | 710 ||| READING scroll labelled TIAGIS VUOTT.
   710 | D:1      | 710 ||| ENCHANTING +0 cloak.
   711 | D:1      | 711 ||| DROPPING scroll of butterflies.
   712 | D:1      | 712 ||| DROPPING potion of degeneration.
   722 | D:2      | 722 ||| STAIRDANCE
   726 | D:2      | 726 ||| STAIRDANCE
   730 | D:2      | 730 ||| STAIRDANCE
   740 | D:2      | Found a stormy altar of Qazlal.
   757 | D:2      | Reached XP level 3. HP: 20/20 MP: 5/5
   770 | D:2      | Found a faded altar of an unknown god.
   873 | D:2      | Reached skill level 7 in Ranged Weapons
   979 | D:2      | 979 ||| DROPPING +0 heavy sling.
  1181 | D:2      | 1181 ||| READING scroll of identify.
  1181 | D:2      | 1181 ||| IDENTIFYING golden potion
  1182 | D:2      | 1182 ||| READING scroll labelled VAYRIMPOUG.
  1283 | D:2      | 1283 ||| READING scroll labelled BUMICATE HOOG.
  1317 | D:3      | 1317 ||| READING scroll of enchant armour.
  1317 | D:3      | 1317 ||| ENCHANTING +1 cloak.
  1520 | D:3      | 1520 ||| RETREEEEATING.
  1523 | D:3      | Reached XP level 4. HP: 21/25 MP: 6/6
  1523 | D:3      | 1523 ||| FLEEEEING.
  1524 | D:3      | 1524 ||| FLEEEEING.
  1526 | D:3      | 1526 ||| FLEEEEING.
  1527 | D:3      | 1527 ||| FLEEEEING.
  1528 | D:3      | 1528 ||| FLEEEEING.
  1529 | D:3      | 1529 ||| FLEEEEING.
  1530 | D:3      | 1530 ||| FLEEEEING.
  1531 | D:3      | 1531 ||| FLEEEEING.
  1532 | D:3      | 1532 ||| FLEEEEING.
  1533 | D:3      | 1533 ||| FLEEEEING.
  1534 | D:3      | 1534 ||| FLEEEEING.
  1535 | D:3      | 1535 ||| FLEEEEING.
  1540 | D:3      | HP: 5/25 [sleepcap (5)]
  1541 | D:3      | 1541 ||| READING 2 scrolls of teleportation.
  1678 | D:3      | 1678 ||| FLEEEEING.
  1702 | D:3      | Reached skill level 8 in Ranged Weapons
  2036 | D:3      | 2036 ||| UPGRADING to +0 helmet.
  2041 | D:3      | 2041 ||| DROPPING +6 ring of intelligence.
  2042 | D:3      | 2042 ||| UPGRADING to ring of protection from fire.
  2043 | D:3      | 2043 ||| UPGRADING to ring of poison resistance.
  2074 | D:4      | 2074 ||| STAIRDANCE
  2085 | D:3      | Reached XP level 5. HP: 28/29 MP: 7/7
  2157 | D:4      | Noticed a black bear
  2171 | D:4      | HP: 4/29 [black bear (5)]
  2172 | D:4      | 2172 ||| READING scroll of teleportation.
  2173 | D:4      | Slain by a black bear

Levels and vault maps discovered:
D:1:      wheals_arrival_linesprint, layout_loops_ring
D:2:      layout_basic, basic_altar, ebering_ecumenical_altar_webs,
          minmay_misc_feat_pillars
D:3:      layout_loops_ring, minmay_diced_spiral
D:4:      layout_loops_corners, overflow_temple_1_default

Skill      XL: |  1  2  3  4 |
---------------+-------------+-----
Ranged Weapons | 6 7 8 |  8.5
Fighting       | |  1.5
Dodging        | |  2.4
Stealth        | |  1.2

Action                     |  1- 3 |  4- 6 || total
---------------------------+-------+-------++-------
   Fire: Shortbow          |   121 |    63 ||   184
    Use: Scroll            |     9 |     2 ||    11
 Armour: Leather armour    |    30 |    36 ||    66
  Dodge: Dodged            |    31 |    37 ||    68

Table legend:
 A = Non-vault XP
 B = Vault XP
 C = Vault XP percentage of total XP
 D = Non-vault monster count
 E = Vault monster count
 F = Vault count percentage of total count
                 A         B        C        D         E       F
            +---------+---------+-------+---------+---------+-------
      Total |     159 |      59 |  27.1 |      56 |       5 |   8.2
            +---------+---------+-------+---------+---------+-------
        D:1 |      37 |       0 |   0.0 |      22 |       0 |   0.0
        D:2 |      41 |       0 |   0.0 |      18 |       0 |   0.0
        D:3 |      76 |      59 |  43.7 |      13 |       5 |  27.8
        D:4 |       5 |       0 |   0.0 |       3 |       0 |   0.0
            +---------+---------+-------+---------+---------+-------
